 Dungeon Crawl Stone Soup version 0.23.2-40-g277498a001 (webtiles) character file.

Game seed: 8022320544104444321

95 Martska the Ducker (level 4, -9/33 HPs)
             Began as a Merfolk Ice Elementalist on Oct 1, 2019.
             Mangled by an ogre
             ... wielding a +0 giant club
              (22 damage)
             ... on level 3 of the Dungeon.
             The game lasted 00:08:48 (2052 turns).

Martska the Ducker (Merfolk Ice Elementalist)       Turns: 2052, Time: 00:08:48

Health: -9/33      AC:  7    Str:  8    XL:     4   Next: 66%
Magic:  7/7        EV: 14    Int: 14    God:
Gold:   62         SH:  0    Dex: 15    Spells: 1/7 levels left

rFire    . . .     SeeInvis .   r - +0 short sword (protect)
rCold    . . .     Gourm    .   (no shield)
rNeg     . . .     Faith    .   a - +0 robe
rPois    .         Spirit   .   s - +0 helmet
rElec    .         Reflect  .   (no cloak)
rCorr    .         Harm     .   o - +0 pair of gloves
MR       .....                  (no boots)
Stlth    ++........             (no amulet)
HPRegen  0.11/turn              d - +3 ring of protection
MPRegen  0.10/turn              (no ring)

@: no status effects
A: change form in water, swift swim, stealthy swim
a: no special abilities


You were on level 3 of the Dungeon.
You were not hungry.

You visited 1 branch of the dungeon, and saw 3 of its levels.

You collected 62 gold pieces.

Inventory:

Hand Weapons
 k - a +0 mace
 q - a +0 club
 r - a +0 short sword of protection (weapon)
 t - a +0 war axe
Armour
 a - a +0 robe (worn)
 o - a +0 pair of gloves (worn)
 s - a +0 helmet (worn)
Jewellery
 d - a +3 ring of protection (left hand)
Scrolls
 g - 2 scrolls of teleportation {unknown}
 i - 2 scrolls of identify {unknown}
 j - a scroll of fog {unknown}
 l - a scroll of enchant weapon {unknown}
 m - a scroll of remove curse {unknown}
 p - a scroll of magic mapping {unknown}
Potions
 b - 2 potions of resistance {unknown}
 e - a potion of curing {unknown}
 f - a potion of haste {unknown}
 h - a potion of invisibility {unknown}
 n - a potion of degeneration {unknown}
Comestibles
 c - 4 rations


   Skills:
 * Level 2.1 Fighting
 * Level 4.1 Dodging
 + Level 2.7 Stealth
 + Level 2.4 Spellcasting
 - Level 0.7 Conjurations
 + Level 3.8 Ice Magic


You had one spell level left.
You knew the following spells:

 Your Spells              Type           Power        Failure   Level  Hunger
a - Freeze                Ice            ##..         4%          1    #......
b - Throw Frost           Conj/Ice       #.....       14%         2    ###....
c - Ozocubu's Armour      Chrm/Ice       #.......     30%         3    ###....

Your spell library contained the following spells:

 Spells                   Type           Power        Failure   Level  Hunger
 Throw Icicle             Conj/Ice       #.......     65%         4    #####..
 Summon Ice Beast         Ice/Summ       #.......     71%         4    #####..


Dungeon Overview and Level Annotations

Branches:
Dungeon (3/15)

Altars:
Gozag

Annotations:
D:3 freakyemo's ghost, amateur HOBe


Message History

Freakyemo's ghost closely misses you.
You hit the hobgoblin.
You kill the hobgoblin!
Freakyemo's ghost hits you. The frilled lizard closely misses you.
The ball python closely misses you. The ball python barely misses you.
You barely miss the ball python.
Freakyemo's ghost hits you but does no damage.
The frilled lizard bites you but does no damage.
The ball python closely misses you. The ball python grabs you.
The ball python constricts you. The ogre hits you with a +0 giant club!
You barely miss the ball python.
The ball python bites you but does no damage.
The ball python constricts you.
The frilled lizard bites you but does no damage.
Freakyemo's ghost barely misses you.
You escape the ball python's grasp.
The ogre hits you with a +0 giant club. The frilled lizard closely misses you.
The ogre hits you with a +0 giant club!!
Ouch! That really hurt!
You die...

#.# #......##.[... #.#.#
#......##...##
#.#)###########...##
######(#.................
##.8.##.#...........#...#.
#.$$$$#.#.......#......<..
#8$...'.#.#####.#.#.#.#.#.
#∩.8_.'lO#####........#...
#8$.$.)WS@........#.......
#..$$.#.######.#..#..###..
##.8∩##.# #.#.##. #....
### #### #.#.. #.#.#
#.#.## ..... #.### #....
#.# .. #.#


You could see an ogre, freakyemo's ghost, a ball python and a frilled lizard.

Vanquished Creatures
  3 adders
  2 worms (D:3)
  A dart slug (D:2)
  2 leopard geckos (D:2)
  An orc (D:3)
  3 giant cockroaches
  4 goblins
  8 hobgoblins
  10 jackals (D:2)
  6 kobolds
  A quokka (D:2)
  4 bats
  6 rats
51 creatures vanquished.

Notes
Turn   | Place    | Note
-------+----------+-------------------------------------------
     0 | D:1      | Martska the Merfolk Ice Elementalist began the quest for
                  | the Orb.
     0 | D:1      | Reached XP level 1. HP: 13/13 MP: 3/3
   315 | D:1      | Reached XP level 2. HP: 20/20 MP: 1/5
   320 | D:1      | Reached skill level 3 in Dodging
   694 | D:1      | Reached skill level 1 in Fighting
   918 | D:2      | Reached XP level 3. HP: 25/26 MP: 0/6
  1502 | D:2      | Learned a level 2 spell: Throw Frost
  1506 | D:2      | Learned a level 3 spell: Ozocubu's Armour
  1532 | D:2      | Reached XP level 4. HP: 33/33 MP: 7/7
  1829 | D:3      | Reached skill level 4 in Dodging
  2018 | D:3      | Found a runed translucent gate.
  2037 | D:3      | Found a runed translucent gate.
  2039 | D:3      | Found an opulent altar of Gozag.
  2039 | D:3      | Found a runed translucent gate.
  2041 | D:3      | Noticed an ogre
  2041 | D:3      | Noticed freakyemo's ghost (amateur HOBe)
  2052 | D:3      | Mangled by an ogre

Skill      XL: |  1  2  3  4 |
---------------+-------------+-----
Dodging        | 3 4 |  4.1
Fighting       | 1 2 |  2.1
Stealth        | |  2.7
Spellcasting   | |  2.4
Conjurations   | |  0.7
Ice Magic      | |  3.8

Action                   |  1- 3 |  4- 6 || total
-------------------------+-------+-------++-------
Melee: Unarmed           |     2 |       ||     2
       Mace              |    15 |       ||    15
       Short sword       |    73 |    90 ||   163
 Cast: Freeze            |    36 |    10 ||    46
 Stab: Sleeping          |     2 |     1 ||     3
  Eat: Ration            |     1 |     1 ||     2
Armor: Robe              |    45 |    60 ||   105
Dodge: Dodged            |   132 |   127 ||   259
